[Event "17th Delhi GM Open 2019-B"]
[Site "Delhi"]
[Date "2019.01.10"]
[Round "6"]
[White "Koustav Chakraborty"]
[Black "Elangbam Shashikanta Singh"]
[Result "1-0"]
[ECO "C41"]
[WhiteElo "1898"]
[BlackElo "1702"]
[Annotator "NA"]
[PlyCount "137"]
[EventDate "2019.01.09"]
[EventType "swiss"]
[EventCountry "IND"]
[SourceTitle "playchess.com"]
[Source "ChessBase"]
[SourceQuality "1"]
[TimeControl "3600+30"]

1. e4 d6 2. Nc3 e5 3. Nf3 Nf6 4. d4 Nbd7 5. Bc4 Be7 6. O-O O-O 7. h3 c6 8. Qe2 {[%emt 0:00:00] LiveBook: 6 Games C41: Philidor Defence} (8. a4 a5 9. Re1 exd4 10. Nxd4 Nc5 11. Bf4 Be6 12. Nxe6 fxe6 13. e5 Nfd7 14. exd6 Rxf4 15. dxe7 Qxe7 16. Qe2 Raf8 17. Bxe6+ Nxe6 18. Qxe6+ Qxe6 19. Rxe6 Rxf2 {½-½ (33) Das,A (2441)-Kuzubov,Y (2638) Dubai 2016}) 8... a6 9. a4 c5 $146 (9... exd4 $11 {remains equal.} 10. Nxd4 Ne5) ({Predecessor:} 9... b6 10. Rd1 Qc7 11. d5 c5 12. Nh4 g6 13. Bh6 Re8 14. Nf3 Nh5 15. Nd2 Bf8 16. Bxf8 Nf4 17. Qe3 Nxf8 18. Ne2 {1-0 (36) Thomas,H-Schreurs,W IECC email 1997}) 10. dxe5 Nxe5 11. Ba2 Be6 12. Rd1 Qc7 13. Bf4 Rad8 14. Bxe5 dxe5 15. Bxe6 fxe6 16. Qc4 Qc8 17. Ng5 h6 18. Nxe6 Rxd1+ 19. Rxd1 Rf7 20. f4 exf4 21. Nxf4 Nh7 22. Ng6 Bf6 23. Nh8 Kxh8 24. Qxf7 Ng5 25. Qd7 Qf8 26. Qd6 Be7 27. Qd5 Qf4 28. Qf5 Qg3 29. Rd3 Qh4 30. Qf2 Qh5 31. Qe2 Qh4 32. Nd5 c4 33. Nxe7 cxd3 {[%emt 0:00:45] [#]} 34. Ng6+ $1 ({Much less strong is} 34. cxd3 $6 Nxh3+ 35. gxh3 Qxe7 $16) 34... Kh7 35. Nxh4 dxe2 36. Kf2 Nxe4+ 37. Kxe2 g5 38. Nf3 Kg6 39. Ke3 Nc5 40. a5 Ne6 41. g3 h5 42. Ne5+ Kf5 43. Nd3 Nd8 44. Kd4 Nc6+ 45. Kc5 Nxa5 46. b4 Nc6 47. Kb6 Nd4 48. Ne1 g4 49. h4 $1 Nc6 $2 {[%emt 0:01:02] [#]} (49... Ke4 $11) 50. Nd3 $2 (50. c3 $1 $18 Ne7 51. c4 (51. Kxb7 Nd5 $16)) 50... Nd4 {[%emt 0:02:53] [#]} 51. c4 $1 ({Weaker is} 51. Kxb7 Nxc2 52. Kxa6 Nxb4+ 53. Nxb4 Ke4 $11) 51... Ke4 52. Nf4 Nc6 53. b5 (53. Nxh5 $18 Nxb4 54. Nf6+ (54. Kxb7 a5 $16) 54... Kf5 55. Ne8) 53... axb5 54. cxb5 Nd4 55. Nxh5 Kf3 56. Nf6 Kxg3 57. h5 Nf5 58. Kxb7 Kh4 {[%emt 0:00:01] [#]} 59. Nxg4 $1 Kxh5 60. Kc7 Nd4 61. b6 Ne6+ 62. Kd6 Nd8 63. Ne5 Nb7+ 64. Kc7 Nc5 65. Nd7 Ne6+ 66. Kc8 Nd4 67. b7 Nc6 68. Kc7 Nb4 69. Nc5 1-0

[Event "17th Delhi GM Open 2019-B"]
[Site "Delhi"]
[Date "2019.01.10"]
[Round "6"]
[White "Heikrujam Jacky Singh"]
[Black "Tajane Ganesh"]
[Result "1-0"]
[ECO "D79"]
[WhiteElo "1870"]
[BlackElo "1743"]
[Annotator "NA"]
[PlyCount "26"]
[EventDate "2019.01.09"]
[EventType "swiss"]
[EventCountry "IND"]
[SourceTitle "playchess.com"]
[Source "ChessBase"]
[SourceQuality "1"]
[TimeControl "3600+30"]

1. d4 Nf6 2. Nf3 c5 3. c3 cxd4 4. cxd4 g6 5. g3 Bg7 6. Bg2 O-O 7. O-O d5 8. Nc3 Nc6 {[%emt 0:03:38] LiveBook: 555 Games} 9. a3 Be6 10. Re1 Rc8 11. Ne5 Nxe5 12. dxe5 Ng4 $11 13. Nxd5 Nxe5 1-0

[Event "17th Delhi GM Open 2019-B"]
[Site "Delhi"]
[Date "2019.01.10"]
[Round "6"]
[White "Dhanush Ragav N S"]
[Black "Deepak, Rai"]
[Result "1-0"]
[ECO "E11"]
[WhiteElo "1854"]
[BlackElo "1710"]
[Annotator "NA"]
[PlyCount "105"]
[EventDate "2019.01.09"]
[EventType "swiss"]
[EventCountry "IND"]
[SourceTitle "playchess.com"]
[Source "ChessBase"]
[SourceQuality "1"]
[TimeControl "3600+30"]

1. d4 Nf6 2. c4 e6 3. Nf3 Bb4+ 4. Nbd2 b6 5. a3 Bxd2+ 6. Bxd2 Bb7 7. Bg5 h6 8. Bh4 d6 9. e3 Nbd7 {[%emt 0:00:00] LiveBook: 161 Games} 10. Be2 g5 11. Bg3 Ne4 {[%emt 0:00:00] E11: Bogo-Indian} 12. h4 (12. d5 Qf6 13. Nd4 O-O-O 14. Bf3 Qg6 15. Qc2 Nxg3 16. Qxg6 fxg6 17. hxg3 exd5 18. Bxd5 Bxd5 19. cxd5 {½-½ (67) Kunin,V (2554)-Bachmann,A (2598) Hofheim 2014}) 12... Nxg3 $146 ({Predecessor:} 12... Qf6 13. Qa4 g4 14. Nd2 Nxg3 15. fxg3 c5 16. Rf1 Qg7 17. Rf4 h5 18. O-O-O cxd4 19. exd4 {1-0 (31) Inkiov,V (2475)-Reeh,O (2430) Gausdal 1989}) 13. fxg3 Rg8 14. hxg5 hxg5 15. Bd3 g4 16. Nh4 Qg5 17. Qd2 c5 18. O-O-O cxd4 19. exd4 {[%emt 0:00:46] [#]} Rc8 ({Black should try} 19... d5 $1 $17 20. Qxg5 Rxg5 21. cxd5 Bxd5) 20. Rde1 d5 21. Nf5 Rc6 22. Qxg5 Rxg5 23. Rh8+ Nf8 24. Kd2 Rc7 25. c5 bxc5 26. dxc5 Rxf5 27. Bxf5 Rxc5 28. Bxg4 Ke7 29. Bh5 d4 30. Bf3 Rb5 31. b4 a5 32. Rh5 Rxh5 33. Bxh5 axb4 34. axb4 Nd7 35. Bf3 Ba6 36. Ra1 Bc4 $1 37. Be2 Bd5 38. Bf3 $2 ({White should try} 38. Kd3 $18) 38... Bc4 39. Rc1 Nb6 (39... Ne5 $142 40. Rh1 Bb5) 40. Be2 Bxe2 41. Kxe2 Kd6 42. Kd3 e5 43. Rf1 Nd5 44. Rxf7 Nxb4+ 45. Ke4 Nd5 46. g4 (46. Rf8 $142 Nc3+ 47. Kf5 (47. Kd3 Ke7 $18)) 46... Ke6 47. Ra7 Nf6+ 48. Kf3 e4+ 49. Kf4 e3 50. g5 $2 (50. Ra6+ $18 Kd5 51. Kf3 (51. Rxf6 $2 e2 $19)) 50... e2 51. gxf6 d3 {[%emt 0:00:54] [#]} 52. Kf3 $1 ({Don't blunder} 52. Ra6+ $2 Kf7 $19) 52... Kxf6 53. Ra1 1-0

[Event "17th Delhi GM Open 2019-B"]
[Site "Delhi"]
[Date "2019.01.10"]
[Round "6"]
[White "Selvamurugan B"]
[Black "Sai Kiran Y"]
[Result "0-1"]
[ECO "C11"]
[WhiteElo "1844"]
[BlackElo "1732"]
[Annotator "NA"]
[PlyCount "138"]
[EventDate "2019.01.09"]
[EventType "swiss"]
[EventCountry "IND"]
[SourceTitle "playchess.com"]
[Source "ChessBase"]
[SourceQuality "1"]
[TimeControl "3600+30"]

1. e4 e6 2. Nf3 d5 3. Nc3 Nf6 4. e5 Nfd7 5. d4 c5 6. dxc5 Nc6 7. Bf4 Nxc5 8. Bd3 Be7 9. h4 Bd7 {[%emt 0:00:00] LiveBook: 4 Games C11: French: Classical System: 4 e5 and 4 Bg5 dxe4} (9... a6 10. a3 b5 11. h5 f5 12. Ne2 d4 13. Nexd4 Nxd4 14. Nxd4 Bg5 {½-½ (14) Perez Ponsa,F (2484)-Bruzon Batista,L (2689) Montevideo 2011}) 10. a3 Rc8 11. Rh3 $146 ({Predecessor:} 11. Qe2 h6 12. Qd2 a6 13. Rb1 Nxd3+ 14. cxd3 f5 15. Ne2 Kf7 16. h5 Na5 17. Ned4 {1-0 (45) Masternak,G (2340)-Borik,O (2415) Czechia 1994}) 11... Qb6 12. Rb1 f6 13. Rg3 fxe5 14. Nxe5 Nxd3+ 15. cxd3 Rf8 16. Nxd7 Kxd7 17. Qd2 Qd4 18. Bg5 Bxg5 19. Rxg5 h6 20. Nb5 Qf6 21. Rg3 a6 22. Nc3 Rf7 23. Rf3 Qg6 24. Rxf7+ Qxf7 25. Na4 Kc7 26. Rc1 Kb8 27. Qe3 d4 28. Qg3+ e5 29. Nc5 Ka7 30. Ne4 Qb3 31. Nd6 Rc7 32. Nc4 Re7 (32... g5 $11) 33. Qg6 $2 {[%emt 0:00:40] [#]} (33. Qf3 $14) 33... Qb5 (33... e4 $1 $17 34. dxe4 Ne5 35. Nxe5 Rxe5) 34. f3 Qd5 35. Qd6 Qf7 36. Qc5+ Kb8 37. Qd6+ Ka7 38. Qc5+ Kb8 39. Na5 Nxa5 40. Qxa5 Re8 ({Don't blunder} 40... Qf4 $2 41. Qd8+ Ka7 42. Rc8 $18) 41. Qc5 Qf4 42. Kf1 Qxh4 43. Qd6+ Ka8 44. Rc7 Qh1+ 45. Kf2 Qb1 46. Qb6 Rb8 47. Qb3 g5 48. Rc5 {[%emt 0:01:19] [#]} (48. Qc2 $11 {keeps the balance.} Qxc2+ 49. Rxc2) 48... g4 $1 49. Rxe5 Qc1 50. Re7 gxf3 51. gxf3 Qd2+ 52. Re2 Qf4 53. Qe6 Rf8 54. Qe4 Qh2+ 55. Ke1 Qg1+ 56. Kd2 Rc8 57. Re1 Qf2+ 58. Re2 Qg1 59. Re1 Qg5+ 60. f4 Qc5 61. Ke2 Qh5+ 62. Kd2 Qc5 63. Ke2 Qc2+ 64. Kf1 $2 (64. Kf3 $17 {was forced.}) 64... Qxb2 (64... Qh2 $142 65. Re2 Qg3) 65. f5 Rg8 ({But not} 65... Qxa3 66. f6 $17) (65... Qh2 $19 66. Rb1 Rc7) 66. Qf3 $2 (66. Qd5 $11 Rf8 67. Re7) 66... Qh2 67. Qf2 Qh3+ $19 {[%emt 0:00:55] Double Attack} 68. Ke2 Rg2 69. Rf1 Qe3+ 0-1

[Event "17th Delhi GM Open 2019-B"]
[Site "Delhi"]
[Date "2019.01.10"]
[Round "6"]
[White "Rivera Martinez, Luis Manu"]
[Black "Yadav Prem Gopal"]
[Result "1-0"]
[ECO "B35"]
[WhiteElo "1831"]
[BlackElo "1669"]
[Annotator "NA"]
[PlyCount "101"]
[EventDate "2019.01.09"]
[EventType "swiss"]
[EventCountry "IND"]
[SourceTitle "playchess.com"]
[Source "ChessBase"]
[SourceQuality "1"]
[TimeControl "3600+30"]

1. e4 c5 2. Nf3 g6 3. d4 cxd4 4. Nxd4 Bg7 5. Nc3 Nc6 6. Be3 Nf6 7. Bc4 Qa5 8. O-O O-O 9. Bb3 d6 10. f3 Bd7 {[%emt 0:00:00] LiveBook: 34 Games} 11. Nd5 {[%emt 0:00:00] B35: Sicilian: Accelerated Dragon with 5 Nc3: main line} (11. Qd2 Rfc8 12. Rad1 Ne5 13. Qe2 Qa6 14. Qxa6 bxa6 15. f4 Nc4 16. Bc1 Be8 17. Rfe1 Nd7 18. Nd5 Kf8 19. f5 Ndb6 20. Bg5 Nxd5 21. exd5 {0-1 (46) Savitskiy,S (2415)-Atabayev,M (2492) Moscow 2017}) 11... Rfe8 12. Nxc6 bxc6 13. Nf4 $146 ({Predecessor:} 13. Nxf6+ Bxf6 14. Bd4 Bxd4+ 15. Qxd4 c5 16. Qe3 Rac8 17. c4 Qb4 18. a3 Qb7 {0-1 (50) Balkiewicz,E (2133)-Toma,K (2200) Trzebinia 2002}) 13... Qc7 14. c4 c5 15. e5 dxe5 16. Nd3 e4 17. Nxc5 Bc6 18. fxe4 Nxe4 19. Nxe4 Bxe4 20. c5 e6 21. Qd6 Qb7 22. Rac1 Bc6 ({Better is} 22... Bxb2 $15 23. c6 Qe7) 23. Rf2 Rad8 24. Qf4 f5 25. Ba4 e5 26. Qc4+ Kh8 27. Bxc6 Qxc6 28. b4 $1 a6 $14 29. a4 f4 30. b5 axb5 31. axb5 Qa8 32. Ra2 Qc8 33. Bf2 e4 34. c6 Qg4 35. c7 Rd1+ 36. Be1 Bd4+ 37. Kh1 f3 38. Rxd1 fxg2+ 39. Rxg2 Qxd1 40. Re2 Rc8 41. Qc2 Qxc2 42. Rxc2 Bb6 43. Bg3 e3 44. Rc6 e2 45. Rxb6 Rxc7 46. Re6 Rc1+ 47. Kg2 Rb1 48. b6 Kg7 49. Bf2 Rb2 50. Bd4+ Kf7 51. Bxb2 1-0

[Event "17th Delhi GM Open 2019-B"]
[Site "Delhi"]
[Date "2019.01.10"]
[Round "6"]
[White "Chandan, Mandal"]
[Black "Mandloi, Mukesh"]
[Result "0-1"]
[ECO "B33"]
[WhiteElo "1823"]
[BlackElo "1726"]
[Annotator "NA"]
[PlyCount "70"]
[EventDate "2019.01.09"]
[EventType "swiss"]
[EventCountry "IND"]
[SourceTitle "playchess.com"]
[Source "ChessBase"]
[SourceQuality "1"]
[TimeControl "3600+30"]

1. e4 c5 2. Nf3 Nc6 3. d4 cxd4 4. Nxd4 Nf6 5. Nc3 e5 6. Ndb5 d6 7. Bg5 a6 8. Na3 b5 9. Nd5 Be7 10. Bxf6 Bxf6 11. c4 b4 12. Nc2 a5 13. Qf3 Bg5 14. Rd1 O-O 15. h4 Bh6 16. g4 Bf4 {[%emt 0:00:00] LiveBook: 5 Games} (16... f6 $11) 17. Nxf4 exf4 18. Qxf4 Ne5 19. Be2 Qc7 20. b3 d5 $1 21. O-O $11 dxe4 22. Qxe4 Bb7 23. Qe3 Rae8 24. Qh3 Ng6 25. Bd3 Nf4 26. Qg3 Rd8 27. Kh2 Qc6 28. Ne1 Ne6 29. Nc2 Nc5 30. Ne1 Rfe8 31. Bc2 Rxd1 32. Bxd1 Ne4 33. Qh3 Qd6+ 34. Kg1 Qxd1 35. Nd3 Qd2 0-1

[Event "17th Delhi GM Open 2019-B"]
[Site "Delhi"]
[Date "2019.01.10"]
[Round "6"]
[White "Vishnu, DevYadav"]
[Black "Sham R"]
[Result "1/2-1/2"]
[ECO "B22"]
[WhiteElo "1751"]
[BlackElo "1590"]
[Annotator "NA"]
[PlyCount "89"]
[EventDate "2019.01.09"]
[EventType "swiss"]
[EventCountry "IND"]
[SourceTitle "playchess.com"]
[Source "ChessBase"]
[SourceQuality "1"]
[TimeControl "3600+30"]

1. e4 c5 2. c3 d5 3. exd5 Qxd5 4. Nf3 Nc6 5. d4 Bf5 6. Be2 cxd4 7. cxd4 e6 8. Nc3 Qa5 9. O-O Nf6 10. Qb3 Bb4 11. a3 Bxc3 12. Qxb7 O-O 13. Qxc6 Rac8 14. Qa6 Qxa6 15. Bxa6 Rc6 16. bxc3 Rxa6 17. Be3 Rc8 18. Rfc1 Rac6 19. Ne5 Rxc3 20. Rxc3 Rxc3 21. Rc1 Rxc1+ 22. Bxc1 Nd5 23. Bd2 f6 24. Nc6 a6 25. Nb4 Nxb4 26. Bxb4 Kf7 27. f3 Ke8 28. Kf2 Kd7 29. Ke3 Bb1 30. g3 g5 31. h4 h5 32. Kf2 Bg6 33. Ke3 Bb1 34. Kf2 Bh7 35. Ke3 Bg6 36. Kf2 g4 37. fxg4 hxg4 38. Ke3 e5 39. dxe5 fxe5 40. Bc3 Ke6 41. Bb4 Kd5 42. Bc3 Ke6 43. Bb4 Kd5 44. Bc3 Ke6 45. Bb4 1/2-1/2

[Event "17th Delhi GM Open 2019-B"]
[Site "Delhi"]
[Date "2019.01.10"]
[Round "6"]
[White "Madhusoodanan, K.R."]
[Black "Farzad, Khusraw"]
[Result "0-1"]
[ECO "E65"]
[WhiteElo "1730"]
[BlackElo "1877"]
[Annotator "NA"]
[PlyCount "82"]
[EventDate "2019.01.09"]
[EventType "swiss"]
[EventCountry "IND"]
[SourceTitle "playchess.com"]
[Source "ChessBase"]
[SourceQuality "1"]
[TimeControl "3600+30"]

1. Nf3 Nf6 2. c4 g6 3. Nc3 Bg7 4. g3 O-O 5. Bg2 d6 6. O-O c5 7. d4 Na6 8. h3 cxd4 {[%emt 0:00:00] LiveBook: 6 Games} 9. Nxd4 Nc5 10. Be3 {[%emt 0:00:00] E65: King's Indian: Fianchetto: 6...c5 7 0-0 without d5 by White} (10. e4 Nfd7 11. Be3 Ne5 12. b3 a5 13. Rb1 Bd7 14. Nd5 Nc6 15. Nb5 Nb4 16. Qd2 Nxd5 17. exd5 Bf5 {1-0 (31) Maletin,P (2559)-Lesin,D (2278) Irkutsk 2009}) 10... Rb8 11. Qd2 Re8 $146 ({Predecessor:} 11... a6 12. Rfd1 Bd7 13. Rac1 Ne6 14. Nb3 Bc6 15. Nd5 Qd7 16. Ba7 Rbd8 {1-0 (27) Hinrichs,J (2072)-Elbracht,M Hamburg 2013}) 12. b4 Ncd7 13. Rac1 a6 14. Rfd1 Nb6 15. Nd5 Nfxd5 16. cxd5 e5 17. Nc6 $2 (17. dxe6 $1 $16 Bxe6 18. Nxe6 Rxe6 19. h4) 17... bxc6 18. dxc6 Qc7 19. Qxd6 Na8 20. Qxc7 Nxc7 21. Rd7 Ne6 22. Bd5 Bxd7 23. cxd7 Red8 24. Bxe6 fxe6 25. Rc7 Kf7 26. a3 Rb5 27. Bc5 a5 28. a4 Rxb4 29. Bxb4 axb4 30. a5 e4 31. a6 Bd4 32. a7 Ke7 33. Rb7 Bxa7 34. Rxa7 Rxd7 35. Ra1 Kd6 36. Kf1 Kc5 37. Ke1 b3 38. Rd1 $19 Rxd1+ 39. Kxd1 Kb4 40. Kc1 Kc3 41. e3 Kd3 0-1

[Event "17th Delhi GM Open 2019-B"]
[Site "Delhi"]
[Date "2019.01.11"]
[Round "8"]
[White "Koustav Chakraborty"]
[Black "Vinayak, V P"]
[Result "1-0"]
[ECO "B23"]
[WhiteElo "1898"]
[BlackElo "1736"]
[Annotator "NA RC"]
[PlyCount "91"]
[EventDate "2019.01.09"]
[EventType "swiss"]
[EventCountry "IND"]
[SourceTitle "playchess.com"]
[Source "ChessBase"]
[SourceQuality "1"]
[TimeControl "3600+30"]

1. e4 c5 2. Nc3 Nc6 3. f4 d6 4. Nf3 a6 5. a4 Nf6 {[%emt 0:00:00] B23: Closed Sicilian: Lines without g3} (5... g6 6. Bc4 Bg7 7. O-O Nf6 8. d3 O-O 9. Qe1 Nd4 10. Nxd4 cxd4 11. Nd1 d5 12. Bb3 dxe4 13. dxe4 Nd7 14. Nf2 Nc5 15. Bc4 Bd7 16. a5 Rc8 17. Qb4 {0-1 (42) Obregon Rivero,J (2526)-Gomez Garrido,C (2504) Panama City 2013}) 6. Bc4 Bg4 7. O-O Nd4 8. Be2 Nxe2+ 9. Qxe2 g6 $146 ({Predecessor:} 9... Qc7 10. e5 dxe5 11. Qxe5 Qc6 12. d3 e6 13. Ne4 Be7 14. Be3 {0-1 (40) Bocos,A-Lopez,R Spain 1996}) 10. d3 Bg7 11. h3 Bd7 12. e5 dxe5 13. fxe5 Ng8 14. Qf2 Qc7 (14... Nh6 $16 15. Be3 (15. Qxc5 Rc8 $16) 15... Bc6) 15. Be3 Rc8 (15... Nh6 {is a better defense.} 16. Bxc5 Be6) 16. Rae1 Nh6 17. g4 Be6 (17... Bc6 $142 18. Bg5 Qd7) 18. b3 O-O (18... b6 {might work better.} 19. Ne4 a5) 19. Qh4 Bxe5 20. Nxe5 ({Inferior is} 20. Bxh6 Bxc3 21. Bxf8 Bxe1 $11) 20... Qxe5 21. Ne4 ({Less strong is} 21. Bxh6 Qxc3 22. Bxf8 (22. Qxe7 Rfd8 $16) 22... Rxf8 $18) 21... f5 22. Bxh6 fxe4 23. Bxf8 Rxf8 24. Rxf8+ Kxf8 25. Rxe4 Qd6 26. Qf2+ ({Resist} 26. Qxh7 Bd5 $18) 26... Kg7 27. Qe3 Kf6 (27... Kf7 $142 28. Re5 Kf6) 28. Qf2+ Kg7 29. Qf4 Qxf4 30. Rxf4 Bd5 31. g5 Be6 32. Re4 Kf7 33. h4 a5 34. Kf2 b6 35. Ke3 Bf5 36. Re5 e6 37. c3 Ke7 38. d4 Kd6 {[%emt 0:00:15] [#]} 39. b4 $1 axb4 40. cxb4 cxb4 41. Rb5 {[%emt 0:00:04] Double Attack} Kc6 42. Rxb4 Bh3 43. Rc4+ Kd7 44. Kf4 Bf1 45. Rc1 Bd3 $18 46. Ke5 1-0

[Event "17th Delhi GM Open 2019-B"]
[Site "Delhi"]
[Date "2019.01.11"]
[Round "8"]
[White "Dhanush Ragav N S"]
[Black "Heikrujam Jacky Singh"]
[Result "1/2-1/2"]
[ECO "A57"]
[WhiteElo "1854"]
[BlackElo "1870"]
[Annotator "NA RC"]
[PlyCount "57"]
[EventDate "2019.01.09"]
[EventType "swiss"]
[EventCountry "IND"]
[SourceTitle "playchess.com"]
[Source "ChessBase"]
[SourceQuality "1"]
[TimeControl "3600+30"]

1. d4 Nf6 2. c4 c5 3. d5 b5 4. Qc2 bxc4 5. e4 d6 6. Bxc4 g6 7. Nf3 Bg7 8. O-O O-O 9. h3 Ba6 10. Na3 {[%emt 0:03:24] A57: Benko/Volga Gambit} (10. Nbd2 Nfd7 11. Rb1 Nb6 12. b3 Nxc4 13. bxc4 Qa5 14. Rb3 Qa4 15. Bb2 Bxb2 16. Rxb2 Qxc2 17. Rxc2 Nd7 {0-1 (36) Mamedyarov,S (2764)-Ivanchuk,V (2766) Beijing 2012}) 10... Bxc4 11. Nxc4 Nbd7 {[%emt 0:00:00] LiveBook: 3 Games} 12. Bd2 Qc7 13. Bc3 Ne8 $146 ({Predecessor:} 13... Nb6 14. Nxb6 Qxb6 15. Rad1 Rfd8 16. Rfe1 Nd7 17. Bxg7 Kxg7 {0-1 (46) Brezalieva,S (1456)-Litvinenko,E (1978) Plovdiv 2014}) 14. Rad1 Bxc3 15. Qxc3 f6 16. g3 Ng7 17. Kg2 a5 18. Nfd2 Rfb8 19. f4 Rb4 20. Rc1 a4 21. b3 (21. g4 $14) 21... axb3 22. axb3 Rb7 23. Ra1 Rba7 24. Ne3 Qb7 25. Nc2 (25. Rxa7 $11 {keeps the balance.} Rxa7 26. g4) 25... Ne8 26. Rxa7 Rxa7 27. Ra1 (27. Qd3 $11 {keeps the balance.}) 27... Rxa1 28. Nxa1 $19 (28. Qxa1 $17 {was called for.} f5 29. Qa4) 28... Qb5 29. Kf2 1/2-1/2

[Event "17th Delhi GM Open 2019-B"]
[Site "Delhi"]
[Date "2019.01.11"]
[Round "8"]
[White "Anwar N K"]
[Black "Sai Raj Gopal K"]
[Result "1-0"]
[ECO "B51"]
[WhiteElo "1817"]
[BlackElo "1727"]
[Annotator "NA RC"]
[PlyCount "165"]
[EventDate "2019.01.09"]
[EventType "swiss"]
[EventCountry "IND"]
[SourceTitle "playchess.com"]
[Source "ChessBase"]
[SourceQuality "1"]
[TimeControl "3600+30"]

1. e4 c5 2. Nf3 d6 3. Bb5+ Nd7 4. O-O a6 5. Be2 Ngf6 {[%emt 0:00:00] LiveBook: 28 Games} 6. d3 {[%emt 0:00:00] B51: Sicilian: Moscow Variation (3 Bb5+) without 3...Bd7} g6 7. b3 (7. c4 b6 8. Nc3 Bb7 9. Rb1 Bg7 10. b4 Rb8 11. bxc5 bxc5 12. Qa4 O-O 13. Rb3 e6 {½-½ (41) Antipov,M (2576)-Grandelius,N (2649) Gjakova 2016}) 7... Bg7 8. Bb2 O-O 9. Nbd2 e5 $146 ({Predecessor:} 9... Nh5 10. Bxg7 Nxg7 11. d4 b6 12. Re1 Bb7 13. c4 e5 14. dxe5 dxe5 {1-0 (64) Kasik,M (1988)-Vesely,M (2039) Czechia 2011}) 10. a4 Ne8 11. Nc4 Ndf6 12. Ne1 Be6 13. g3 b5 14. axb5 axb5 15. Ne3 Rxa1 16. Qxa1 Qb6 17. N1g2 Bh3 18. c4 bxc4 19. bxc4 Nc7 20. Bc3 Ra8 21. Qb1 Qxb1 22. Rxb1 Ne6 23. Ra1 Rxa1+ 24. Bxa1 Nd4 25. Bxd4 cxd4 26. Nc2 Be6 27. Na3 Kf8 28. f4 Ke7 29. Nc2 Kd7 30. Nce1 (30. Nh4 $11) 30... Ne8 31. Nf3 f6 32. Nfh4 Bf7 33. f5 g5 34. Nf3 h5 35. h3 Kc6 36. g4 h4 37. Bd1 Kc5 38. Kf1 Kb4 39. Ke2 Kc3 40. Ba4 Nc7 41. Nd2 (41. Nge1 $17 {is a better defense.}) 41... Na6 42. Ne1 Bf8 43. Bb5 Nc5 44. Nb1+ {[%emt 0:03:13] [#]} Kb2 $1 45. Nd2 Be7 46. Ndf3 Kc3 (46... Bd8 $19 47. Bc6 Bb6) 47. Nd2 Bd8 48. Nb1+ Kb2 49. Nd2 Ba5 50. Bc6 Na6 51. Ba4 Nc7 (51... Bb6 $19 52. Bb5 Nb4) 52. Nef3 {[%emt 0:00:49] [#]} Be8 $1 53. Bxe8 Nxe8 54. c5 $2 (54. Ne1 Nc7 55. c5 Bxd2 56. cxd6) 54... Bxd2 $1 55. Nxd2 Kc2 $4 (55... dxc5 $19 56. Nc4+ Kc3) 56. c6 Kc3 {[%emt 0:01:26] [#]} 57. Nf3 $1 Kb4 {[%emt 0:00:36] [#]} 58. Nxg5 $1 Kc5 {[%emt 0:00:47] [#]} 59. Nf3 $2 (59. c7 $1 Nxc7 60. Nh7) 59... Kxc6 60. Nxh4 Kd7 (60... d5 {is a better defense.} 61. exd5+ Kxd5) 61. Ng6 Nc7 62. h4 Ke8 63. g5 Kf7 64. gxf6 Kxf6 $2 {[%emt 0:00:00] [#]} (64... Ne8 {is more resistant.} 65. Ne7 Nxf6) 65. Nf8 $1 Nb5 66. Ne6 d5 67. h5 dxe4 68. dxe4 Nd6 {[%emt 0:00:45] [#]} 69. h6 $1 Nf7 70. h7 Ke7 71. Kd3 Kf6 72. Kc4 Ke7 73. Ng5 Nh8 74. Ne6 Kf6 75. Nf8 Kg7 76. Ng6 Nf7 77. h8=Q+ Nxh8 78. Nxe5 Kf6 79. Kxd4 Ke7 80. Ng6+ Nxg6 81. fxg6 Kf6 82. Kd5 Kxg6 83. Ke6 1-0

[Event "17th Delhi GM Open 2019-B"]
[Site "Delhi"]
[Date "2019.01.11"]
[Round "8"]
[White "Baig, Akram"]
[Black "Rathi Dhanashree"]
[Result "1-0"]
[ECO "A83"]
[WhiteElo "1805"]
[BlackElo "1721"]
[Annotator "NA RC"]
[PlyCount "101"]
[EventDate "2019.01.09"]
[EventType "swiss"]
[EventCountry "IND"]
[SourceTitle "playchess.com"]
[Source "ChessBase"]
[SourceQuality "1"]
[TimeControl "3600+30"]

1. d4 f5 2. e4 fxe4 3. Nc3 Nf6 4. Bg5 g6 5. Bxf6 exf6 6. Nxe4 d5 {[%emt 0:00:00] LiveBook: 3 Games} 7. Ng3 {[%emt 0:00:00] A83: Dutch Defence: Staunton Gambit with 3 Nc3 Nf6 4 Bg5} (7. Nc3 Bb4 8. Qf3 c6 9. O-O-O O-O 10. Nge2 Nd7 11. h4 f5 12. a3 Ba5 13. Nf4 Nf6 14. Nce2 Ne4 {0-1 (45) Nadera,B (2401)-Dzhumaev,M (2549) Manila 2008}) 7... Bh6 8. Bd3 O-O 9. h4 $146 ({Predecessor:} 9. N1e2 f5 10. f4 Nd7 11. O-O Nf6 12. h3 c6 13. c3 Ne4 14. Bxe4 fxe4 {0-1 (57) Linn,M (2093)-Win,A (2217) Yangon 2015}) 9... f5 10. Qf3 c6 11. c3 Qf6 12. Qd1 Na6 13. Nf3 Nc7 14. Kf1 f4 15. Ne2 Ne8 16. Ne5 Nd6 17. Qc2 (17. Ng1 $11) 17... Bf5 (17... f3 $15 18. gxf3 Nf7) 18. Ng1 Rae8 19. Bxf5 Qxf5 20. Qxf5 Rxf5 21. Ngf3 Nf7 22. Re1 Nxe5 23. Nxe5 Bg7 24. Nd3 Rxe1+ 25. Kxe1 h6 (25... Bf6 $14) 26. Ke2 Bf8 27. Kf3 Bd6 28. h5 g5 29. Kg4 Rf6 {[%emt 0:00:03] [#]} 30. Re1 $1 Kf7 {[%emt 0:00:00] [#]} 31. Ne5+ $1 Bxe5 32. dxe5 Re6 33. Kf5 Ke7 34. a4 (34. Rd1 $18 {has better winning chances.}) 34... Kf7 35. Re2 (35. g3 $18) 35... Ke7 $2 (35... Re8 $16 {is a better defense.}) 36. b3 b6 37. Rd2 Kf7 38. c4 dxc4 39. bxc4 Ke7 40. Rd3 a6 {[%emt 0:00:33] [#]} 41. a5 $1 c5 $18 (41... bxa5 $142 42. Rb3 Kd7 43. Rd3+ Ke7) 42. Rb3 b5 43. cxb5 c4 44. Rb1 axb5 45. Rxb5 Rc6 46. Rb6 Rxb6 47. axb6 c3 48. b7 c2 49. b8=Q c1=Q 50. Qd6+ Ke8 51. Kf6 1-0